 Dungeon Crawl Stone Soup version 0.19-a0-277-g85cb9a5 (webtiles) character file.

545367 Duffy the Sorcerer (level 24, 156/156 HPs)
             Began as a Deep Elf Fire Elementalist on May 26, 2016.
             Was the Champion of Sif Muna.
             Quit the game on level 3 of the Depths.
             The game lasted 03:31:24 (84474 turns).

Duffy the Sorcerer (Deep Elf Fire Elementalist)    Turns: 84474, Time: 03:31:25

Health: 156/156    AC: 16    Str:  9    XL:     24   Next: 88%
Magic:  25/51      EV: 27    Int: 39    God:    Sif Muna [******]
Gold:   2057       SH:  6    Dex: 19    Spells: 13 memorised, 7 levels left

rFire  + . .     SeeInvis +     E - staff of fire
rCold  + + .     Gourm    +     T - +4 robe of Augmentation {Str+4 Int+4 Dex+4}
rNeg   + . .     Faith    .     P - +0 buckler {rC+}
rPois  +         Spirit   .     b - +0 helmet of the Sunfish {+Inv rElec rCorr SInv}
rElec  +         Dismiss  .     y - +2 cloak
rCorr  +         Reflect  .     h - +0 pair of gloves of the Blind Marksman {*Contam rPois rC+ Int+2}
SustAt .         Harm     .     v - +2 pair of boots {Fly}
MR     ++...                    X - amulet of the gourmand
Stlth  ++........               W - ring of positive energy
                                e - +5 ring of evasion

@: flying, delayed fireball, deflect missiles, very resistant to hostile
enchantments, unstealthy
A: slimy green scales 1
a: Channel Energy, Forget Spell, Renounce Religion, Release Delayed Fireball,
Evoke Invisibility, Stop Flying
}: 3/15 runes: decaying, slimy, gossamer


You were on level 3 of the Depths.
You worshipped Sif Muna.
Sif Muna was exalted by your worship.
You were not hungry.

You visited 11 branches of the dungeon, and saw 53 of its levels.
You also visited: Ossuary, Ice Cave and Wizlab.

You collected 6355 gold pieces.
You spent 4298 gold pieces at shops.


Innate Abilities, Weirdness & Mutations

You are partially covered in slimy green scales. (AC +2)


   Skills:
 - Level 17.0 Fighting
 - Level 12.0 Dodging
 - Level 2.4 Stealth
 - Level 4.2 Shields
 - Level 22.5 Spellcasting
 - Level 22.0 Conjurations
 - Level 10.8 Charms
 + Level 11.1 Necromancy
 + Level 7.2 Transmutations
 - Level 22.0 Fire Magic
 - Level 3.8 Air Magic
 - Level 16.0 Invocations


You had 7 spell levels left.
You knew the following spells:

 Your Spells              Type           Power        Failure   Level  Hunger
a - Bolt of Fire          Conj/Fire      ########..   0%          6    None
b - Necromutation         Tmut/Necr      #######...   85%         8    None
e - Apportation           Tloc           #####.....   1%          1    None
i - Fire Storm            Conj/Fire      ########..   10%         9    ###....
j - Sticky Flame          Conj/Fire      ########     0%          4    None
k - Fireball              Conj/Fire      ########..   0%          5    None
l - Flame Tongue          Conj/Fire      #####        0%          1    None
m - Deflect Missiles      Chrm/Air       #######...   6%          6    None
n - Conjure Flame         Conj/Fire      ########     0%          3    None
o - Orb of Destruction    Conj           ########..   1%          7    None
y - Regeneration          Chrm/Necr      #######...   0%          3    None
H - Haste                 Chrm           #######.     1%          6    None
K - Delayed Fireball      Conj/Fire      N/A          1%          7    None

Inventory:

Hand Weapons
 t - a +0 blowgun
Missiles
 H - 18 curare-tipped needles
Armour
 b - the +0 helmet of the Sunfish (worn) {+Inv rElec rCorr SInv}

   It insulates you from electricity.
   It lets you see invisible.
   It lets you turn invisible.
   It protects you from acid and corrosion.
 h - the +0 pair of gloves of the Blind Marksman (worn) {*Contam rPois rC+ Int+2}

   It affects your intelligence (+2).
   It protects you from cold.
   It protects you from poison.
   It causes magical contamination when unequipped.
 v - a +2 pair of boots of flying (worn)
 y - a +2 cloak (worn)
 P - a +0 buckler of cold resistance (worn)
 T - the +4 robe of Augmentation (worn) {Str+4 Int+4 Dex+4}

   It affects your strength (+4).
   It affects your intelligence (+4).
   It affects your dexterity (+4).
Magical Staves
 E - an uncursed staff of fire (weapon)
Jewellery
 e - a +5 ring of evasion (left hand)
 u - an uncursed ring of protection from magic
 I - an uncursed ring of fire
 J - an uncursed ring of resist corrosion
 L - the ring "Foyqilif" {SustAt rPois Slay+5 SInv}

   [ring of sustain attributes]

   It sustains your strength, intelligence and dexterity.
   It affects your accuracy and damage with ranged weapons and melee attacks
   (+5).
   It protects you from poison.
   It lets you see invisible.
 Q - an uncursed ring of see invisible
 W - a ring of positive energy (right hand)
 X - an amulet of the gourmand (around neck)
Wands
 a - a wand of digging (6/24)
 m - a wand of heal wounds (5/9)
 F - a wand of hasting (2/9)
 K - a wand of acid (12/15)
 U - a wand of teleportation (4/9)
Scrolls
 f - 14 scrolls of fear
 i - 20 scrolls of teleportation
 j - 11 scrolls of fog
 k - 20 scrolls of remove curse
 n - 9 scrolls of recharging
 o - 8 scrolls of immolation
 s - 5 scrolls of enchant armour
 w - a scroll of identify
 x - 8 scrolls of vulnerability
 z - 7 scrolls of blinking
 A - 9 scrolls of magic mapping
 B - 4 scrolls of amnesia
 S - 3 scrolls of summoning
Potions
 d - 9 potions of haste
 g - 4 potions of magic
 l - 13 potions of heal wounds
 p - 5 potions of brilliance
 q - 10 potions of resistance
 D - 9 potions of ambrosia
 G - 5 potions of cancellation
 M - 9 potions of curing
 O - 10 potions of agility
 Z - 2 potions of invisibility
Comestibles
 c - 19 bread rations
 r - 20 meat rations
 C - a beef jerky

Dungeon Overview and Level Annotations

Branches:
Dungeon (15/15)            Temple (1/1) D:7            Lair (8/8) D:8
  Swamp (4/4) Lair:5       Spider (4/4) Lair:4        Slime (6/6) Lair:6
    Orc (2/2) D:11            Elf (3/3) Orc:2        Vaults (4/5) D:14
  Crypt (3/3) Vaults:3       Tomb (0/3) Crypt:3      Depths (3/5) D:15

Altars:
Ashenzari
Cheibriados
Dithmenos
Elyvilon
Fedhas
Gozag
Hepliaklqana
Kikubaaqudgha
Makhleb
Nemelex Xobeh
Okawaru
Pakellas
Qazlal
Ru
Sif Muna
Trog
Ukayaw
Vehumet
Xom
Yredelemnul
Zin
The Shining One
Beogh
Jiyva

Shops:
D:4 ?   D:9 :   D:12 %   Orc:2 (:?   Elf:3 !   Vaults:3 }   Vaults:4 *
Depths:1 *

Portals:
Hell: Depths:1 Depths:2

Annotations:
D:8 1 exclusion
Elf:2 5 runed doors, exclusion: 5 doors


Message History

Aim: a red very ugly thing (flame, almost dead)
You feel a surge of power!
A raging storm of fire appears!
The great blast of fire engulfs the red very ugly thing.
The red very ugly thing partially resists.
You kill the red very ugly thing!
You fly upwards.
Your summoned ally is left behind.
There is a stone staircase leading down here.
Magic restored.
Done exploring.
You fly downwards.
There is a stone staircase leading up here.
A sphinx comes into view.
Found a wand of flame.
Found a stone staircase leading up.
Cast which spell? (? or * to list)
Aiming: Bolt of Fire
Press: ? - help, Shift-Dir - straight line, f - sphinx
Aim: a sphinx You feel a surge of power!
The bolt of fire hits the sphinx.
The sphinx is heavily wounded.
The sphinx casts a spell.
You resist with almost no effort.
A moth of wrath comes into view.
Cast which spell? (? or * to list)
Aiming: Bolt of Fire
Press: ? - help, Shift-Dir - straight line, f/p - sphinx
Aim: a sphinx (heavily wounded)
You feel a surge of power!
The bolt of fire hits the sphinx.
You kill the sphinx!
Cast which spell? (? or * to list)
Aiming: Bolt of Fire
Press: ? - help, Shift-Dir - straight line, f - moth of wrath
Aim: a moth of wrath You feel a surge of power!
The bolt of fire hits the moth of wrath.
The moth of wrath is almost dead.
The moth of wrath changes into a snapping turtle!
A deep elf annihilator comes into view. It is wielding a scimitar of flaming.
There is a stone staircase leading up here.
Cast which spell? (? or * to list)
Aiming: Orb of Destruction
Press: ? - help, Shift-Dir - straight line, f/p - snapping turtle
Aim: a snapping turtle shaped shifter (almost dead)
Okay, then.
Cast which spell? (? or * to list)
Aiming: Fire Storm
Press: ? - help, Dir - move target cursor, p - snapping turtle You feel a surge of power!
You miscast Fire Storm.
Sif Muna protects you from the effects of your miscast!
The snapping turtle withdraws into its shell!
Are you sure you want to abandon this character and quit the game? (Confirm with "yes".)

e. .# #% .#
#####t
.#####
#....[
.....#
/<...#.....
....)..
#.).# #...#
#.@.# #...#
#####


You could see a snapping turtle shaped shifter (withdrawn).

Action                   |  1- 3 |  4- 6 |  7- 9 | 10-12 | 13-15 | 16-18 | 19-21 | 22-24 || total
-------------------------+-------+-------+-------+-------+-------+-------+-------+-------++-------
Melee: Flail             |       |       |     6 |     5 |     7 |    25 |       |       ||    43
       Staff             |       |       |       |       |       |     1 |     2 |     4 ||     7
 Fire: Blowgun           |       |       |       |       |     7 |       |       |       ||     7
 Cast: Flame Tongue      |    48 |    77 |   275 |   529 |   227 |    16 |       |       ||  1172
       Sticky Flame      |       |     4 |    12 |    31 |    96 |    11 |       |       ||   154
       Conjure Flame     |       |       |    20 |    63 |    23 |       |       |       ||   106
       Fireball          |       |       |     9 |    10 |    64 |   273 |    71 |       ||   427
       Bolt of Draining  |       |       |       |       |   340 |    20 |       |       ||   360
       Bolt of Fire      |       |       |       |       |   138 |   292 |   657 |   675 ||  1762
       Regeneration      |       |       |       |       |    18 |    50 |    36 |    29 ||   133
       Delayed Fireball  |       |       |       |       |     1 |       |       |       ||     1
       Orb of Destructio |       |       |       |       |       |    82 |    10 |    31 ||   123
       Haste             |       |       |       |       |       |    15 |    12 |     6 ||    33
       Deflect Missiles  |       |       |       |       |       |     3 |     2 |     2 ||     7
       Apportation       |       |       |       |       |       |     3 |     3 |       ||     6
       Fire Storm        |       |       |       |       |       |       |    45 |   109 ||   154
Invok: Channel Energy    |       |       |       |       |   494 |   633 |   966 |   740 ||  2833
 Abil: Evoke Invisibilit |       |       |       |       |       |       |     1 |       ||     1
Evoke: Wand              |       |       |       |       |     1 |     1 |     2 |     2 ||     6
  Use: Scroll            |       |       |       |    16 |    15 |    21 |     8 |    11 ||    71
       Potion            |       |       |       |     1 |     8 |     1 |     6 |     1 ||    17
  Eat: Chunk             |     2 |     6 |    15 |    23 |   186 |   162 |   158 |   113 ||   665
       Beef jerky        |       |       |     1 |     2 |     2 |     4 |     3 |     2 ||    14
       Pizza             |       |       |     1 |     2 |       |     6 |     1 |       ||    10
       Royal jelly       |       |       |     1 |       |       |       |     2 |     1 ||     4
       Fruit             |       |       |       |       |       |       |    18 |    36 ||    54
       Meat ration       |       |       |       |       |       |       |     5 |     3 ||     8
       Bread ration      |       |       |       |       |       |       |     4 |     5 ||     9
Armor: Robe              |       |     1 |    18 |    22 |    24 |    23 |    57 |    35 ||   180
Dodge: Dodged            |     4 |    15 |    80 |   119 |   332 |   184 |   308 |   221 ||  1263
       Deflected         |       |       |       |       |       |    15 |    13 |    15 ||    43
Block: Buckler           |       |       |       |       |     8 |    56 |    74 |    52 ||   190

Notes
Turn   | Place    | Note
--------------------------------------------------------------
     0 | D:1      | Duffy the Deep Elf Fire Elementalist began the quest for the Orb.
     0 | D:1      | Reached XP level 1. HP: 10/10 MP: 6/6
   381 | D:1      | Reached skill level 2 in Conjurations
   462 | D:1      | Reached XP level 2. HP: 15/15 MP: 5/8
  1052 | D:2      | Reached skill level 3 in Conjurations
  1102 | D:2      | Noticed Jessica
  1104 | D:2      | Killed Jessica
  1104 | D:2      | Reached XP level 3. HP: 19/19 MP: 6/9
  1168 | D:2      | Learned a level 3 spell: Conjure Flame
  1638 | D:2      | Noticed Natasha
  1648 | D:2      | Killed Natasha
  1648 | D:2      | Reached skill level 4 in Conjurations
  1648 | D:2      | Reached XP level 4. HP: 12/24 MP: 7/10
  1811 | D:2      | Noticed Sigmund
  1818 | D:2      | Learned a level 4 spell: Sticky Flame
  1829 | D:2      | Killed Sigmund
  1829 | D:2      | Reached skill level 5 in Conjurations
  1829 | D:2      | Reached skill level 4 in Fire Magic
  1829 | D:2      | Reached XP level 5. HP: 28/28 MP: 0/11
  2145 | D:2      | Reached skill level 5 in Fire Magic
  2454 | D:3      | Reached XP level 6. HP: 32/32 MP: 8/13
  2773 | D:3      | Found a snail-covered altar of Cheibriados.
  2782 | D:3      | Reached skill level 4 in Spellcasting
  2932 | D:3      | Found an oddly glowing altar of Pakellas.
  3394 | D:3      | Reached skill level 6 in Conjurations
  3444 | D:3      | Reached XP level 7. HP: 36/36 MP: 15/15
  3582 | D:3      | Found an opulent altar of Gozag.
  3796 | D:4      | Noticed Duffy's ghost (novice DEFE)
  3808 | D:4      | Killed Duffy's ghost
  3808 | D:4      | Reached skill level 6 in Fire Magic
  3820 | D:4      | Reached skill level 7 in Conjurations
  4077 | D:4      | Reached skill level 7 in Fire Magic
  4200 | D:4      | Found Nyitet's Magic Scroll Emporium.
  4240 | D:4      | Reached XP level 8. HP: 41/41 MP: 16/16
  4247 | D:4      | Bought a scroll of blinking for 75 gold pieces
  4247 | D:4      | Bought a scroll of magic mapping for 35 gold pieces
  4247 | D:4      | Bought a scroll of noise for 10 gold pieces
  4537 | D:4      | Learned a level 5 spell: Fireball
  4549 | D:5      | Entered Level 5 of the Dungeon
  4705 | D:5      | Reached skill level 3 in Dodging
  4774 | D:5      | Reached skill level 1 in Fighting
  4856 | D:5      | Found a burning altar of Makhleb.
  5275 | D:6      | Noticed Eustachio
  5277 | D:6      | Reached skill level 4 in Dodging
  5294 | D:5      | Killed Eustachio
  5294 | D:5      | Reached skill level 2 in Fighting
  5345 | D:6      | Noticed Prince Ribbit
  5349 | D:6      | Killed Prince Ribbit
  5349 | D:6      | Reached skill level 3 in Fighting
  5349 | D:6      | Reached skill level 5 in Dodging
  5352 | D:6      | Noticed Edmund
  5366 | D:6      | Killed Edmund
  5533 | D:6      | Reached skill level 6 in Dodging
  5553 | D:6      | Found a hide-covered altar to Ukayaw.
  5890 | D:6      | Reached XP level 9. HP: 44/52 MP: 17/17
  5999 | D:6      | Found a shadowy altar of Dithmenos.
  6013 | D:6      | Noticed Lugonue's ghost (novice HEAE)
  6034 | D:6      | Killed Lugonue's ghost
  6034 | D:6      | Reached skill level 4 in Fighting
  6034 | D:6      | Reached skill level 7 in Dodging
  6140 | D:6      | Found a shimmering altar of Xom.
  6322 | D:6      | Found a sparkling altar of Nemelex Xobeh.
  6323 | D:6      | Noticed Duvessa
  6323 | D:6      | Noticed Dowan
  6338 | D:6      | Killed Dowan
  6342 | D:6      | Killed Duvessa
  6838 | D:7      | Reached skill level 5 in Fighting
  6838 | D:7      | Reached skill level 8 in Dodging
  6923 | D:7      | Found a sand-covered staircase.
  6942 | Ossuary  | Entered an ossuary
  7426 | D:7      | Found a staircase to the Ecumenical Temple.
  7430 | D:7      | Reached skill level 9 in Dodging
  7591 | D:6      | Reached skill level 6 in Fighting
  7645 | Temple   | Entered the Ecumenical Temple
  7748 | Temple   | Became a worshipper of Sif Muna the Loreminder
  8055 | D:7      | Reached XP level 10. HP: 60/60 MP: 19/19
  8276 | D:7      | Reached skill level 5 in Spellcasting
  8306 | D:7      | Reached skill level 8 in Conjurations
  8605 | D:7      | Reached * piety under Sif Muna
  8605 | D:7      | Reached skill level 8 in Fire Magic
  8958 | D:4      | Bought a scroll of fear for 35 gold pieces
  9319 | D:7      | Reached skill level 6 in Spellcasting
  9832 | D:8      | Found a hide-covered altar to Ukayaw.
 10159 | D:8      | Found a blossoming altar of Fedhas.
 10248 | D:8      | Found an iron altar of Okawaru.
 10662 | D:8      | Reached ** piety under Sif Muna
 10669 | D:8      | Reached skill level 7 in Spellcasting
 10669 | D:8      | Reached skill level 9 in Conjurations
 10782 | D:8      | Reached skill level 1 in Invocations
 11023 | D:8      | Found a staircase to the Lair.
 11089 | D:8      | Reached skill level 2 in Invocations
 11440 | D:9      | Found Zaris's Book Shoppe.
 11489 | D:9      | Reached skill level 3 in Invocations
 11664 | D:9      | Noticed an oklob plant
 12082 | D:9      | Reached skill level 4 in Invocations
 12242 | D:9      | Found an ancient bone altar of Kikubaaqudgha.
 12285 | D:9      | Found a shimmering altar of Xom.
 12314 | D:9      | Reached skill level 7 in Fighting
 12418 | D:9      | Reached XP level 11. HP: 60/67 MP: 23/23
 12821 | D:9      | Found a glowing golden altar of the Shining One.
 12905 | D:10     | Entered Level 10 of the Dungeon
 12923 | D:9      | Reached skill level 5 in Invocations
 13415 | D:10     | Reached skill level 6 in Invocations
 13535 | D:10     | Reached skill level 8 in Fighting
 13693 | D:10     | Noticed a hill giant
 13711 | D:10     | Killed a hill giant
 13788 | D:10     | Reached skill level 7 in Invocations
 14131 | D:10     | Reached skill level 9 in Fire Magic
 14257 | D:10     | Noticed a hill giant
 14259 | D:10     | Noticed a hill giant
 14270 | D:10     | Killed a hill giant
 14281 | D:10     | Killed a hill giant
 14452 | D:10     | Noticed a brown ugly thing
 14467 | D:10     | Killed a brown ugly thing
 14467 | D:10     | Reached skill level 8 in Spellcasting
 14782 | D:10     | Reached *** piety under Sif Muna
 15401 | Lair:1   | Entered Level 1 of the Lair of Beasts
 15437 | Lair:1   | Reached **** piety under Sif Muna
 15437 | Lair:1   | Reached skill level 12 in Spellcasting
 15437 | Lair:1   | Reached XP level 12. HP: 74/74 MP: 30/30
 15575 | Lair:1   | Learned a level 3 spell: Regeneration
 15599 | Lair:1   | Reached ***** piety under Sif Muna
 15749 | Lair:1   | Reached skill level 10 in Conjurations
 15749 | Lair:1   | Reached skill level 10 in Fire Magic
 15826 | Lair:1   | Reached skill level 1 in Charms
 15826 | Lair:1   | Reached skill level 1 in Necromancy
 16269 | Lair:1   | Reached skill level 2 in Charms
 16524 | Lair:1   | Reached XP level 13. HP: 78/78 MP: 31/31
 16883 | Lair:1   | Reached skill level 2 in Necromancy
 16883 | Lair:1   | Reached skill level 3 in Charms
 17218 | Lair:2   | Reached skill level 4 in Charms
 17218 | Lair:2   | Reached skill level 3 in Necromancy
 17659 | Lair:2   | Reached skill level 4 in Necromancy
 19879 | Lair:4   | Reached skill level 11 in Conjurations
 20065 | Lair:4   | Reached ****** piety under Sif Muna
 20254 | Lair:4   | Received a gift from Sif Muna
 20288 | Lair:4   | Identified Sif Muna's Compendium of Nocuous Stolen Souls (Sif Muna gifted it to you on level 4 of the Lair of Beasts)
 20295 | Lair:4   | Learned a level 5 spell: Bolt of Draining
 20303 | Lair:4   | Found a hole to the Spider Nest.
 20372 | Lair:4   | Reached skill level 5 in Necromancy
 20963 | Lair:4   | Reached skill level 6 in Necromancy
 20966 | Lair:4   | Reached skill level 12 in Conjurations
 21662 | Lair:5   | Reached skill level 7 in Necromancy
 22652 | Lair:5   | Reached skill level 10 in Dodging
 22867 | Lair:5   | Found a staircase to the Swamp.
 23396 | Lair:6   | Noticed Snorg
 23405 | Lair:6   | Killed Snorg
 23405 | Lair:6   | Reached skill level 9 in Fighting
 23622 | Lair:6   | Found a viscous altar of Jiyva.
 23624 | Lair:6   | Found a staircase to the Slime Pits.
 23823 | Lair:6   | Reached XP level 14. HP: 86/86 MP: 32/32
 23998 | Lair:6   | Reached skill level 11 in Dodging
 24044 | Lair:6   | Learned a level 6 spell: Bolt of Fire
 24052 | Lair:6   | Learned a level 7 spell: Delayed Fireball
 25982 | Lair:7   | Reached skill level 10 in Fighting
 25999 | Lair:7   | Reached skill level 12 in Dodging
 26626 | Lair:8   | Entered Level 8 of the Lair of Beasts
 26636 | Lair:7   | Reached skill level 8 in Invocations
 27275 | Lair:8   | Received a gift from Sif Muna
 27279 | Lair:8   | Identified Sif Muna's Handbook of Boosting Hexes (Sif Muna gifted it to you on level 8 of the Lair of Beasts)
 27405 | Lair:8   | Reached skill level 11 in Fire Magic
 27864 | Lair:8   | Reached skill level 13 in Conjurations
 28333 | Lair:8   | Reached XP level 15. HP: 87/92 MP: 14/33
 28933 | Lair:8   | Reached skill level 12 in Fire Magic
 29113 | Lair:8   | Received a gift from Sif Muna
 29120 | Lair:8   | Reached skill level 14 in Conjurations
 29266 | Lair:8   | Identified Sif Muna's Guide on Destructive Companions (Sif Muna gifted it to you on level 8 of the Lair of Beasts)
 30223 | D:11     | Found a staircase to the Orcish Mines.
 30840 | D:11     | Reached skill level 1 in Shields
 31347 | Orc:1    | Entered Level 1 of the Orcish Mines
 31354 | Orc:1    | Reached skill level 2 in Shields
 31435 | Orc:1    | Found a roughly hewn altar of Beogh.
 31656 | Orc:2    | Entered Level 2 of the Orcish Mines
 31799 | Orc:2    | Found a roughly hewn altar of Beogh.
 31941 | Orc:2    | Found a staircase to the Elven Halls.
 32129 | Orc:2    | Noticed Rupert
 32325 | Orc:2    | Noticed Maud
 32335 | Orc:2    | Killed Maud
 32335 | Orc:2    | Reached skill level 3 in Shields
 32479 | Orc:2    | Paralysed by Rupert for 4 turns
 32495 | Orc:2    | Paralysed by Rupert for 5 turns
 32504 | Orc:2    | Killed Rupert
 32504 | Orc:2    | Reached skill level 4 in Shields
 33031 | Orc:2    | Found Menop's Magic Scroll Shop.
 33070 | Orc:2    | Noticed Donald
 33094 | Orc:2    | Killed Donald
 33094 | Orc:2    | Reached skill level 9 in Invocations
 33248 | Orc:2    | Noticed Nergalle
 33252 | Orc:2    | Killed Nergalle
 33267 | Orc:2    | Found an ancient bone altar of Kikubaaqudgha.
 33355 | Orc:2    | Found a radiant altar of Vehumet.
 33355 | Orc:2    | Noticed Erolcha
 33365 | Orc:2    | Killed Erolcha
 33365 | Orc:2    | Reached skill level 10 in Invocations
 33449 | Orc:2    | Found a roughly hewn altar of Beogh.
 33449 | Orc:2    | Found Xenk's Antique Weapon Boutique.
 33452 | Orc:2    | Found Upnuiken's Book Shop.
 33468 | Orc:2    | Found Ceonkaco's Gadget Boutique.
 33661 | Orc:2    | Bought a book of Enchantments for 800 gold pieces
 33671 | Orc:2    | Learned a level 6 spell: Haste
 33704 | Orc:2    | Bought a scroll of identify for 32 gold pieces
 33704 | Orc:2    | Bought a scroll of identify for 32 gold pieces
 33709 | Orc:2    | Bought a scroll of teleportation for 48 gold pieces
 33709 | Orc:2    | Bought 3 scrolls of teleportation for 144 gold pieces
 33709 | Orc:2    | Bought a scroll of blinking for 120 gold pieces
 33905 | D:12     | Found Veyveunaa's Food Shoppe.
 34055 | D:12     | Reached skill level 5 in Charms
 34106 | D:12     | Reached skill level 13 in Spellcasting
 34618 | D:12     | Reached skill level 6 in Charms
 35566 | D:12     | Reached XP level 16. HP: 85/97 MP: 28/35
 35724 | D:12     | Received a gift from Sif Muna
 35724 | D:12     | Reached skill level 7 in Charms
 35757 | D:12     | Identified Baoteag's Papyrus of Damaging Cold (Sif Muna gifted it to you on level 12 of the Dungeon)
 36118 | D:13     | Noticed Urug
 36122 | D:13     | Killed Urug
 36246 | D:13     | Learned a level 6 spell: Deflect Missiles
 36355 | D:13     | Reached skill level 1 in Air Magic
 36493 | D:13     | Reached skill level 8 in Charms
 36605 | D:13     | Noticed Sonja
 36606 | D:13     | Killed Sonja
 36732 | D:13     | Reached skill level 14 in Spellcasting
 36732 | D:13     | Reached skill level 2 in Air Magic
 37258 | D:13     | Noticed a tengu reaver
 37273 | D:13     | Reached skill level 9 in Charms
 37438 | D:13     | Killed a tengu reaver
 37663 | D:14     | Reached skill level 10 in Charms
 37765 | D:14     | Found a frozen archway.
 37809 | IceCv    | Entered an ice cave
 39129 | D:14     | Reached skill level 15 in Conjurations
 39390 | D:14     | Found a gate to the Vaults.
 39442 | D:14     | Received a gift from Sif Muna
 39492 | D:14     | Learned a level 1 spell: Apportation
 39896 | D:15     | Entered Level 15 of the Dungeon
 39912 | D:15     | Found a snail-covered altar of Cheibriados.
 39974 | D:15     | Reached skill level 15 in Spellcasting
 40055 | D:15     | Found a staircase to the Depths.
 40489 | Orc:2    | Bought a book of Power for 720 gold pieces
 40502 | Orc:2    | Learned a level 7 spell: Orb of Destruction
 41346 | D:15     | Found a shattered altar of Ashenzari.
 41586 | Elf:1    | Entered Level 1 of the Elven Halls
 41586 | Elf:1    | Noticed Roxanne
 41593 | Elf:1    | Killed Roxanne
 42046 | Elf:1    | Reached skill level 16 in Conjurations
 42161 | Elf:1    | Reached skill level 16 in Spellcasting
 42294 | Elf:1    | Received a gift from Sif Muna
 42302 | Elf:1    | Reached XP level 17. HP: 94/102 MP: 39/39
 42384 | Elf:1    | Identified Sif Muna's Papyrus of Arcane Weapons and Darkness (Sif Muna gifted it to you on level 1 of the Elven Halls)
 42678 | Elf:1    | Found an ancient bone altar of Kikubaaqudgha.
 43124 | Elf:1    | Identified the Almanac of Creative Combat Magic
 43368 | Elf:1    | Found a shimmering altar of Xom.
 43605 | Elf:2    | Reached skill level 17 in Spellcasting
 43624 | Elf:2    | Reached skill level 17 in Conjurations
 43939 | Elf:2    | Received a gift from Sif Muna
 43965 | Elf:2    | Found a huge runed gate.
 43965 | Elf:2    | Found a huge runed gate.
 43965 | Elf:2    | Found a huge runed gate.
 43968 | Elf:2    | Found a huge runed gate.
 43969 | Elf:2    | Found a huge runed gate.
 44360 | Elf:3    | Entered Level 3 of the Elven Halls
 44515 | Elf:3    | Found Zoshredorph's Distillery.
 44523 | Elf:3    | Bought a potion of heal wounds for 75 gold pieces
 44523 | Elf:3    | Bought a potion of heal wounds for 75 gold pieces
 45204 | Elf:3    | Reached skill level 18 in Spellcasting
 45289 | Elf:3    | Reached skill level 3 in Air Magic
 45444 | Elf:3    | Noticed a deep elf blademaster
 45449 | Elf:3    | Killed a deep elf blademaster
 45511 | Elf:3    | Reached XP level 18. HP: 82/108 MP: 40/42
 45762 | Elf:3    | Reached skill level 11 in Invocations
 46485 | Elf:3    | Reached skill level 11 in Fighting
 46559 | Elf:3    | Reached skill level 12 in Invocations
 46791 | Elf:3    | Got a scorched lead amulet
 47236 | Elf:3    | Got a pair of shimmering gloves
 47289 | Elf:3    | Identified the cursed +0 pair of gloves of the Blind Marksman {*Contam rPois rC+ Int+2} (You found it on level 3 of the Elven Halls)
 47290 | Elf:3    | Identified the amulet of Gul Coi {Gourm rElec rPois Int-4} (You took it off a deep elf high priest on level 3 of the Elven Halls)
 47300 | Elf:3    | Identified Jufruoll's Almanac of Freezing Beguiling (You found it on level 3 of the Elven Halls)
 47328 | Elf:3    | Got a spiked helmet
 47330 | Elf:3    | Identified the Catalogue of Harmful Transmigration
 47527 | Elf:3    | Identified the cursed +0 helmet of the Sunfish {+Inv rElec rCorr SInv} (You found it on level 3 of the Elven Halls)
 47946 | Swamp:1  | Entered Level 1 of the Swamp
 48597 | Swamp:1  | Reached skill level 13 in Invocations
 49388 | Swamp:1  | Reached skill level 12 in Fighting
 50248 | Swamp:3  | Noticed Mara
 50252 | Swamp:3  | Noticed Jorgrun
 50255 | Swamp:3  | Killed Jorgrun
 50870 | Swamp:3  | Noticed Duffy's illusion
 50872 | Swamp:3  | Noticed Duffy's illusion
 51186 | Swamp:2  | Noticed Duffy's illusion
 51357 | Swamp:2  | Killed Mara
 51357 | Swamp:2  | Reached XP level 19. HP: 117/117 MP: 20/43
 51574 | Swamp:3  | Got a scintillating platinum ring
 51582 | Swamp:3  | Identified the ring of Yhocwud {Ice MP+9 Str-4 Int+9} (You found it on level 3 of the Swamp)
 51590 | Swamp:3  | Found a hazy altar of Hepliaklqana.
 51616 | Swamp:3  | Reached skill level 14 in Invocations
 51863 | Swamp:4  | Entered Level 4 of the Swamp
 51992 | Swamp:4  | Reached skill level 18 in Conjurations
 52003 | Swamp:4  | Received a gift from Sif Muna
 52653 | Swamp:4  | Reached skill level 19 in Conjurations
 52724 | Swamp:4  | Reached skill level 13 in Fire Magic
 52871 | Swamp:4  | Got a decaying rune of Zot
 52908 | Swamp:4  | Received a gift from Sif Muna
 52960 | Swamp:4  | Identified Sif Muna's Catalogue of Arcane Weapons (Sif Muna gifted it to you on level 4 of the Swamp)
 53685 | Spider:1 | Entered Level 1 of the Spider Nest
 54040 | Spider:1 | Reached skill level 20 in Conjurations
 55119 | Spider:2 | Reached skill level 14 in Fire Magic
 55316 | Spider:2 | Received a gift from Sif Muna
 55328 | Spider:2 | Identified Sif Muna's Reference Book on Destructive Sinister Arts (Sif Muna gifted it to you on level 2 of the Spider Nest)
 56272 | Spider:3 | Reached skill level 21 in Conjurations
 56863 | Spider:4 | Entered Level 4 of the Spider Nest
 57054 | Spider:3 | Received a gift from Sif Muna
 57055 | Spider:3 | Identified Sif Muna's Collected Works on Hurtful Evil (Sif Muna gifted it to you on level 3 of the Spider Nest)
 57620 | Spider:4 | Reached skill level 15 in Fire Magic
 57702 | Spider:4 | Reached XP level 20. HP: 102/123 MP: 22/44
 58253 | Spider:4 | Learned a level 9 spell: Fire Storm
 58464 | Spider:4 | Reached skill level 16 in Fire Magic
 58667 | Spider:4 | Got a gossamer rune of Zot
 58982 | Slime:1  | Entered Level 1 of the Pits of Slime
 59017 | Slime:1  | Gained mutation: You tend to lose your temper in combat. [a shining eye]
 59170 | Slime:1  | Received a gift from Sif Muna
 59171 | Slime:1  | Identified Sif Muna's Grimoire of Dominance (Sif Muna gifted it to you on level 1 of the Pits of Slime)
 59350 | Slime:1  | Reached skill level 17 in Fire Magic
 60592 | Slime:6  | Entered Level 6 of the Pits of Slime
 60624 | Slime:6  | Gained mutation: Your body sometimes deteriorates upon taking damage. [a shining eye]
 60640 | Slime:6  | Noticed the Royal Jelly
 60850 | Slime:4  | Reached skill level 18 in Fire Magic
 61227 | Slime:6  | Received a gift from Sif Muna
 61228 | Slime:6  | Identified Sif Muna's Almanac of Confrontation (Sif Muna gifted it to you on level 6 of the Pits of Slime)
 61604 | Slime:6  | Reached skill level 19 in Fire Magic
 61938 | Slime:6  | Killed the Royal Jelly
 61938 | Slime:6  | Reached XP level 21. HP: 128/128 MP: 7/45
 62324 | Slime:6  | Got a scintillating amber ring
 62433 | Slime:6  | Identified the ring "Jukkicat" {Dex+3 SInv} (You found it on level 6 of the Pits of Slime)
 62436 | Slime:6  | Got a warped iron ring
 62457 | Slime:6  | Identified the ring "Foyqilif" {SustAt rPois Slay+5 SInv} (You found it on level 6 of the Pits of Slime)
 62623 | Slime:6  | Got a slimy rune of Zot
 62630 | Slime:6  | Identified Jumnaino's Incunabulum of Mutagenic Augmentations
 62638 | Slime:6  | Got a pitted shield
 62649 | Slime:6  | Identified the +1 shield of the Dungeon {Int+4} (You found it on level 6 of the Pits of Slime)
 62736 | Lair:6   | Lost mutation: Your body sometimes deteriorates upon taking damage. [potion of cure mutation]
 62736 | Lair:6   | Lost mutation: You tend to lose your temper in combat. [potion of cure mutation]
 63483 | Vaults:1 | Entered Level 1 of the Vaults
 63766 | Vaults:1 | Received a gift from Sif Muna
 63775 | Vaults:1 | Identified Sif Muna's Volume of Lucky Flames (Sif Muna gifted it to you on level 1 of the Vaults)
 64147 | Vaults:1 | Noticed Norris
 64151 | Vaults:1 | Killed Norris
 64151 | Vaults:1 | Reached skill level 19 in Spellcasting
 64791 | Vaults:1 | Reached skill level 20 in Fire Magic
 65067 | Vaults:1 | Received a gift from Sif Muna
 65068 | Vaults:1 | Identified Sif Muna's Tome of Attacks (Sif Muna gifted it to you on level 1 of the Vaults)
 65536 | Vaults:2 | Reached skill level 20 in Spellcasting
 66783 | Vaults:2 | Received a gift from Sif Muna
 66850 | Vaults:2 | Reached XP level 22. HP: 133/133 MP: 41/48
 67274 | Vaults:3 | Found a magical portal.
 67286 | WizLab   | Entered The Chambers of Giask the Cloud Mage
 67615 | WizLab   | Reached skill level 21 in Spellcasting
 67766 | WizLab   | Reached skill level 21 in Fire Magic
 68325 | WizLab   | Identified Nasazoav's Papyrus of Lightness
 68334 | WizLab   | Identified Qurianen's Tome of Air
 69244 | Vaults:3 | Received a gift from Sif Muna
 69245 | Vaults:3 | Identified Sif Muna's Reference Book on Conjuration (Sif Muna gifted it to you on level 3 of the Vaults)
 69541 | Vaults:3 | Found a staircase to the Crypt.
 69650 | Vaults:3 | Found Item's Gadget Shoppe.
 70247 | Vaults:3 | Reached skill level 22 in Spellcasting
 70443 | Crypt:1  | Entered Level 1 of the Crypt
 71244 | Crypt:1  | Gained mutation: You are partially covered in slimy green scales. (AC +2) [potion of beneficial mutation]
 71306 | Crypt:1  | Reached skill level 22 in Fire Magic
 71689 | Crypt:1  | Reached skill level 22 in Conjurations
 72158 | Crypt:2  | Noticed Jory
 72280 | Crypt:2  | Killed Jory
 72280 | Crypt:2  | Received a gift from Sif Muna
 72888 | Crypt:3  | Entered Level 3 of the Crypt
 73424 | Crypt:3  | Noticed Saint Roka
 73438 | Crypt:3  | Killed Saint Roka
 73438 | Crypt:3  | Reached XP level 23. HP: 119/138 MP: 39/51
 73664 | Crypt:3  | Reached skill level 15 in Invocations
 73680 | Crypt:3  | Found a basalt altar of Yredelemnul.
 74217 | Crypt:3  | Reached skill level 16 in Invocations
 74293 | Crypt:3  | Identified the Almanac of Sinister Rituals
 74768 | Crypt:3  | Reached skill level 13 in Fighting
 74893 | Crypt:3  | Noticed an ancient lich
 74897 | Crypt:3  | Killed an ancient lich
 75250 | Crypt:3  | Noticed Xtahua
 75266 | Crypt:3  | Killed Xtahua
 76254 | Crypt:3  | Reached skill level 14 in Fighting
 76671 | Crypt:3  | Found a staircase to the Tomb.
 78562 | Vaults:4 | Reached skill level 15 in Fighting
 78770 | Vaults:4 | Noticed Sojobo
 78773 | Vaults:4 | Killed Sojobo
 78921 | Vaults:4 | Reached XP level 24. HP: 151/151 MP: 33/51
 78983 | Vaults:4 | Found Wouges's Assorted Antiques.
 79070 | Vaults:4 | Bought an opal ring for 220 gold pieces
 79529 | Vaults:4 | Reached skill level 16 in Fighting
 80338 | Depths:1 | Entered Level 1 of the Depths
 80412 | Depths:1 | Got a clouded amber ring
 80417 | Depths:1 | Identified the ring "Enapel" {*Confuse rF+ Str+4 Dex+4 Stlth+} (You found it on level 1 of the Depths)
 80791 | Depths:1 | Found Ideuwnud's Island Escapes.
 80799 | Depths:1 | Bought a scroll of blinking for 142 gold pieces
 80799 | Depths:1 | Bought a potion of invisibility for 152 gold pieces
 80799 | Depths:1 | Bought a scroll of fog for 38 gold pieces
 81219 | Depths:1 | Found a gateway to Hell.
 81345 | Depths:1 | Reached skill level 17 in Fighting
 81644 | D:9      | Bought a Necronomicon for 1545 gold pieces
 81655 | D:9      | Learned a level 8 spell: Necromutation
 81840 | Depths:2 | Reached skill level 1 in Transmutations
 81841 | Depths:2 | Reached skill level 8 in Necromancy
 81928 | Depths:2 | Reached skill level 2 in Transmutations
 82047 | Depths:2 | Reached skill level 3 in Transmutations
 82514 | Depths:2 | Reached skill level 9 in Necromancy
 82525 | Depths:2 | Reached skill level 4 in Transmutations
 82789 | Depths:2 | Received a gift from Sif Muna
 82790 | Depths:2 | Identified Sif Muna's Papyrus of Greatest Risks and Utility (Sif Muna gifted it to you on level 2 of the Depths)
 82834 | Depths:2 | Noticed a juggernaut
 82837 | Depths:2 | Killed a juggernaut
 82837 | Depths:2 | Reached skill level 5 in Transmutations
 82883 | Depths:2 | Reached skill level 10 in Necromancy
 83006 | Depths:2 | Reached skill level 6 in Transmutations
 83010 | Depths:2 | Got a scintillating ivory ring
 83192 | Depths:1 | Identified the ring "Iriu" {-Tele rElec rN++ Str+4 Stlth-} (You took it off a hell knight on level 2 of the Depths)
 84320 | Depths:3 | Reached skill level 11 in Necromancy
 84320 | Depths:3 | Reached skill level 7 in Transmutations
 84474 | Depths:3 | Quit the game

Skill      XL: |  1  2  3  4  5  6  7  8  9 10 11 12 13 14 15 16 17 18 19 20 21 22 23 24 |
---------------+-------------------------------------------------------------------------+-----
Conjurations   | 2 3 4 5 6 7 9 10 12 13 14 16 17 21 22 | 22.0
Fire Magic     | 4 5 7 8 9 10 11 12 15 19 20 22 | 22.0
Spellcasting   | 4 7 12 13 16 18 20 22 | 22.5
Dodging        | 6 9 10 12 | 12.0
Fighting       | 3 6 7 8 9 10 12 15 17 | 17.0
Invocations    | 4 7 8 10 13 14 16 | 16.0
Charms         | 2 4 6 10 | 10.8
Necromancy     | 1 7 11 | 11.1
Shields        | 4 |  4.2
Air Magic      | 2 3 |  3.8
Transmutations | 7 |  7.2
Stealth        | |  2.4

Vault maps used:
D:1:      co_arrival_square_in_a_square_in_a_square, minmay_misc_feat_ornament
D:2:      uniq_sigmund, uniq_natasha, uniq_jessica
D:3:      johnstein_pakellas_death_squad, old_standard_altar,
          nicolae_gozag_seed_capital
D:4:      serial_shops, nicolae_shop_statue_plus
D:5:      kennysheep_mini, first_bread
D:6:      lemuel_coloured_pillars_altar, lemuel_crystal_altar,
          lemuel_doored_altar, grunt_dithmenos_smoke_and_mirrors,
          uniq_eustachio, uniq_prince_ribbit1, uniq_edmund, uniq_duvessa
D:7:      temple_green, serial_bayou, serial_bayou_shore_a,
          serial_bayou_lagoon_b, serial_bayou_pond_d, serial_bayou_pond_b,
          nicolae_ossuary_entry_ruins, grunt_livestock
D:8:      kennysheep_ambush_hall, kennysheep_mini_moat, basic_altar,
          fedhas_altar_decomposition
D:9:      lemuel_slime, tso_oasis_becter, overflow_temple_1_default,
          basic_altar, serial_shops, nicolae_shop_stone
D:11:     orc_0_dummy
D:12:     serial_shops, shop, serial_bayou_lake_a
D:13:     evilmike_horseshoe, minmay_librarian, uniq_urug, uniq_sonja
D:14:     david_vaults_4, kennysheep_nub, portal_ice_cave_entry_imps
D:15:     grunt_enter_depths_hoard, lemuel_round_altar, cheibriados_altar_1
Temple:   circular_temple_12
Lair:1:   beast_lair_carwin_large_2, grunt_megastairs_3
Lair:2:   nicolae_lair_grove_arrangements, grunt_forest_large_clearings,
          infiniplex_staircase_pool
Lair:4:   spider_nest_entry_funnel_web, wad_woods_road_04, grunt_megastairs_2
Lair:5:   minmay_swamp_entry_swarm
Lair:6:   slime_altar_1, roderic_lost_polar_bear, lemuel_fruit_fields,
          serial_bayou_shore_b, lemuel_fruit_tree, uniq_snorg
Lair:8:   evilmike_catoblepas_cave, dpeg_oklob_1, serial_bayou_shore_b
Swamp:1:  evilmike_swamp_ruin_house_3
Swamp:2:  evilmike_swamp_ruin_house_5
Swamp:3:  basic_altar, swamp_pool1, uniq_jorgrun, uniq_mara
Swamp:4:  swamp_basic_johnstein, swamp_pool3
Spider:4: spider_rune_water
Slime:3:  nicolae_slime_barrier
Slime:5:  cheibrodos_slime_lost_civilization_5
Orc:1:    mines1_david
Orc:2:    kennysheep_orc_mage_school, basic_altar, uniq_rupert, uniq_maud,
          uniq_donald
Elf:1:    due_chaos_kobolds, basic_altar, hangedman_elf_disciples,
          minmay_elf_sorcery, uniq_roxanne
Elf:3:    minmay_elf_hall_hex, serial_shops, shop
Vaults:1: hangedman_vaults_stretched_pinwheel, ontoclasm_vaults_fault,
          nicolae_vaults_little_squares_6, nicolae_vaults_what_the_h, v_misc_13,
          nicolae_vaults_arrows, v_alt_pattern_3, vaults_room_glass_cross,
          vaults_mumra_lcd, nicolae_vaults_yaktaur_gun_rack, vaults_dpeg_hooks,
          vaults_dpeg_ring, nicolae_vaults_diagonal_hallway_9, uniq_norris
Vaults:2: nicolae_vaults_network_s, hangedman_vaults_unwind, v_misc_30,
          ontoclasm_vaults_chip, vaults_room_hallway,
          nicolae_vaults_windows_and_doors_thing, ontoclasm_vaults_gateway,
          v_alt_pattern_2
Vaults:3: ontoclasm_vaults_ring_square, nicolae_vaults_twisting_passages,
          ontoclasm_vaults_chip, vaults_mumra_minichess,
          minmay_crypt_entry_simple_round, nicolae_vaults_little_squares_6,
          hangedman_vaults_slice, v_misc_12, infiniplex_enter_wizlab_water,
          serial_shops, shop
Vaults:4: v_pattern_2, ontoclasm_vaults_ligature, nicolae_vaults_an_arrangement,
          vaults_room_fancy_cross, vaults_room_semicircle, v_misc_16,
          vaults_mumra_chevron_long, ontoclasm_vaults_tryst,
          vaults_mumra_minichess_inversion, v_misc_1, nicolae_vaults_little_ls,
          serial_shops, nicolae_shop_overgrown_old_shop, uniq_sojobo
Crypt:2:  uniq_jory
Crypt:3:  evilmike_haunted_forest, uniq_saint_roka, uniq_xtahua
Depths:1: nrook_mini_vaults, grunt_hell_entry_dis_mu, hangedman_decor_growths,
          nicolae_island_escapes
Depths:2: minmay_strange_plus, hellmouth_1, minmay_door_square, firewood_loft
Depths:3: hangedman_crystal_crosses_colossus, pan_entry, abyss_entry, hell_entry
Ossuary:  ossuary_minmay_tomb_2a
IceCv:    ice_cave_small_demon
WizLab:   wizlab_cloud

Vanquished Creatures
  the Royal Jelly
  An ancient lich Mara
  A juggernaut Sojobo Norris Saint Roka
  A profane servitor
  A golden dragon Jory
  A bone dragon Xtahua Jorgrun
  A Cloud Mage Rupert
  4 deep elf blademasters
  24 acid blobs
  2 deep elf master archers
  4 sphinxes Roxanne
  3 ancient champions
  2 thorn hunters
  5 tengu reavers
  A revenant
  2 frost giants
  7 ghost moths
  11 azure jellies Donald
  3 fire giants
  8 deep elf sorcerers Maud
  4 emperor scorpions
  8 deep elf elementalists
  10 ghouls
  9 vault wardens
  3 curse skulls
  13 ironheart preservers
  13 very ugly things
  A reaper
  8 stone giants
  12 vampire knights
  3 deep elf demonologists
  A salamander stormcaller
  8 deep elf annihilators
  6 ettins
  2 spark wasps
  3 jiangshi
  10 deep elf death magi Snorg
  12 vault guards
  14 eidola
  6 death oozes
  A mummy priest
  4 great orbs of eyes
  11 yaktaur captains
  2 quicksilver dragon zombies
  9 deep elf high priests
  4 fire dragons
  6 entropy weavers
  7 rakshasas
  32 hydras
  7 ice dragons
  5 spriggan air magi
  4 catoblepae Erolcha
  5 death knights
  27 death yaks
  15 ogre magi
  14 dancing weapons
  12 alligators
  13 centaur warriors
  6 vampire magi
  6 tengu warriors
  A deep troll shaman
  2 deep troll earth magi
  A spriggan berserker Urug
  2 titan zombies Sonja
  20 deep elf knights
  6 hell knights
  39 skeletal warriors
  4 shadow wraiths Nergalle
  A small abomination
  A golden dragon zombie
  A storm dragon skeleton
  2 spriggan druids
  4 anaconda zombies
  2 unseen horrors
  4 giant orange brains
  24 phantasmal warriors
  15 deep elf archers
  10 flayed ghosts
  13 hill giants
  8 deep trolls
  14 harpies
  A swamp dragon (shapeshifter)
  10 orc knights
  15 ironbrand convokers
  7 swamp dragons
  2 shambling mangroves
  2 stone giant zombies
  A shadow dragon zombie
  4 wizards
  19 orb spiders
  3 wolf spider zombies
  6 necromancers
  A hell hog zombie
  3 hornets (shapeshifter)
  8 orc sorcerers
  A frost giant zombie
  A sphinx skeleton
  71 deep elf magi
  3 manticores
  6 shining eyes
  43 ugly things
  31 elephants
  30 wolf spiders
  11 cyclopes
  5 griffons
  8 hornets
  5 oklob plants
  4 moths of wrath
  An octopode (shapeshifter)
  A stone giant skeleton
  2 centaur zombies
  A titan simulacrum
  6 black mambas
  15 vault sentinels
  A water nymph (shapeshifter)
  2 ice statues
  An alligator snapping turtle zombie
  A frost giant skeleton
  A human skeleton
  2 eyes of devastation
  A smoke demon
  18 spiny frogs
  5 komodo dragons
  2 gargoyles
  The ghost of Lugonue the Skirmisher, a novice HEAE of Kikubaaqudgha
  6 freezing wraiths
  25 yaktaurs
  A grey draconian zombie
  5 rime drakes
  An efreet
  A queen bee (shapeshifter)
  The ghost of Duffy the Conjurer, a novice DEFE
  10 demonic crawlers
  A polar bear (shapeshifter)
  A tengu conjurer
  A death yak skeleton
  10 ice devils
  A yaktaur (shapeshifter)
  2 red devils
  A two-headed ogre (shapeshifter)
  21 two-headed ogres
  40 jumping spiders
  A wind drake (shapeshifter)
  5 trolls
  3 polar bears
  4 giant leeches
  6 wind drakes Prince Ribbit
  A harpy skeleton
  6 boulder beetles
  89 slime creatures
  2 ettin zombies
  2 ushabtiu
  16 blink frogs
  11 bog bodies
  3 fire dragon zombies
  An ice dragon zombie
  6 spriggans
  85 redbacks
  An ettin skeleton
  6 shadows
  33 air elementals
  6 flying skulls
  9 wraiths Sigmund
  2 fire elementals
  42 tarantellas
  41 yaks
  10 water elementals
  4 wyverns Eustachio
  A human (shapeshifter)
  2 vampires
  2 fire bats
  2 human simulacra
  9 hippogriffs
  2 golden eyes
  A human
  5 basilisks
  2 steam dragons
  48 vampire mosquitoes
  5 hungry ghosts Edmund
  19 swamp worms
  3 wargs
  12 insubstantial wisps
  A merfolk zombie
  A mottled dragon (shapeshifter)
  3 mottled dragons
  2 soldier ants
  A spiny frog zombie
  An orb spider zombie
  A deep troll zombie
  17 water moccasins
  10 porcupines Duvessa
  21 orc warriors
  17 swamp drakes
  2 ice beasts
  An ettin simulacrum
  6 eyes of draining
  6 sky beasts
  48 ogres
  A sky beast (shapeshifter)
  13 wasps
  3 phantoms
  2 boggarts
  A manticore zombie
  14 necrophages
  28 wolves
  16 centaurs
  25 crocodiles
  2 elf zombies
  A fire crab zombie
  5 big kobolds
  21 giant frogs
  3 earth elementals
  8 wyvern skeletons
  5 scorpions Dowan
  A spriggan skeleton
  18 killer bees
  4 howler monkeys
  18 wights
  17 electric eels
  A troll skeleton
  10 crimson imps
  2 giant frog zombies
  A wasp zombie
  9 hounds
  37 jellies
  A human zombie
  19 orc priests
  A gnoll shaman
  A giant frog skeleton
  40 orc wizards Jessica
  6 centaur skeletons
  8 iguanas
  A porcupine zombie
  13 worker ants Natasha
  A boulder beetle simulacrum
  A sheep (shapeshifter)
  2 killer bee zombies
  18 sheep
  A hound zombie
  5 mummies
  3 gnolls
  A howler monkey skeleton
  83 river rats
  20 adders
  A swamp drake skeleton
  3 shadow imps
  18 white imps
  11 ufetubi
  14 oozes
  2 adder skeletons
  A sheep skeleton
  2 worms
  2 dart slugs
  2 giant geckos
  118 orcs
  3 bats
  5 giant cockroaches
  7 goblins
  8 hobgoblins
  7 jackals
  6 quokkas
  A ball python
  A giant gecko zombie
  8 giant newts
  A goblin zombie
  3 hobgoblin zombies
  41 kobolds
  4 kobold zombies
  An orc zombie
  A quokka skeleton
  4 rats
  A rat zombie
  A bush
  A butterfly
  2 crawling corpses
  192 fire vortices
  23 fungi
  5 lost souls
  24 plants
  27 withered plants
2795 creatures vanquished.
